 Dungeon Crawl Stone Soup version 0.18.1-48-g4cf74bf (webtiles) character file.

945 Tharyn the Ruffian (level 7, 0/61 HPs)
             Began as a Minotaur Monk on Aug 11, 2016.
             Slain by a centaur
             ... wielding a +0 club
              (6 damage)
             ... on level 5 of the Dungeon on Aug 24, 2016.
             The game lasted 00:41:18 (4123 turns).

Tharyn the Ruffian (Minotaur Monk)                  Turns: 4123, Time: 00:41:19

Health: 0/61       AC:  7    Str: 17    XL:     7   Next: 89%
Magic:  6/6        EV: 13    Int:  7    God:
Gold:   164        SH:  0    Dex: 15    Spells: 0 memorised, 6 levels left

rFire  . . .     SeeInvis .       - Unarmed
rCold  . . .     Gourm    .     o - +2 ring mail
rNeg   . . .     Faith    .     (no shield)
rPois  .         Spirit   .     (helmet unavailable)
rElec  .         Dismiss  .     (no cloak)
rCorr  .         Reflect  .     p - +2 pair of gloves
SustAt .         Harm     .     (no boots)
MR     .....                    (no amulet)
Stlth  +.........               (no ring)
                                (no ring)

@: very slightly contaminated, invisible, not resistant to hostile enchantments,
very unstealthy
A: retaliatory headbutt, horns 3, talons 1, agile 1, deformed body, wild magic 1
a: no special abilities


You were on level 5 of the Dungeon.
You were very hungry.

You visited 1 branch of the dungeon, and saw 5 of its levels.

You collected 164 gold pieces.

Inventory:

Hand Weapons
 d - a +1 dagger
 f - a +0 short sword
 g - a +0 short sword
 k - a +0 dagger
 y - a +3 long sword
 z - a +0 hand axe
 B - a +0 trident
Missiles
 c - 38 arrows
 e - 195 stones (quivered)
 l - 74 sling bullets
 m - 26 poisoned needles
 n - 41 bolts
 t - 4 needles of confusion
Armour
 a - a +0 robe
 h - a +0 robe
 o - a +2 ring mail (worn)
 p - a +2 pair of gloves (worn)
 r - a +0 chain mail
 s - a +0 leather armour
 u - a +0 ring mail
 x - a +0 leather armour
Jewellery
 v - an uncursed ring of protection from magic
Wands
 q - a wand of slowing (25/48)
Scrolls
 i - a scroll of magic mapping
 j - a scroll of blinking
 A - a scroll of fog
 D - a scroll of teleportation
Comestibles
 b - 4 bread rations
 C - 2 meat rations


   Skills:
 * Level 5.6 Fighting
 + Level 5.7 Throwing
 + Level 1.4 Armour
 + Level 4.7 Dodging
 - Level 1.8 Stealth
 + Level 6.7 Unarmed Combat


You had 6 spell levels left.
You didn't know any spells.

Dungeon Overview and Level Annotations

Branches:
Dungeon (5/15)
 Temple: D:4-7

Altars:
Ashenzari
Dithmenos


Innate Abilities, Weirdness & Mutations

You reflexively headbutt those who attack you in melee.
You have a pair of large horns on your head.
You have sharp toenails.
You are agile. (Dex +2)
Armour fits poorly on your strangely shaped body.
Your spells are a little harder to cast, but a little more powerful.


Message History

Found 4 fruits.
Found a stone staircase leading down.
Found 2 scrolls of enchant armour.
The centaur shoots an arrow.
The arrow misses you.
The centaur shoots an arrow.
The arrow hits you!
* * * LOW HITPOINT WARNING * * *
Things that are here:
an arrow; 4 stones The centaur shoots an arrow. x2
A centaur is nearby!
The centaur shoots an arrow.
The arrow hits you.
* * * LOW HITPOINT WARNING * * *
You see here an arrow.
The centaur unwields an uncursed shortbow.
The centaur wields an uncursed club.
The centaur barely misses you. You furiously retaliate!
You headbutt the centaur, but do no damage.
You punch the centaur! You claw the centaur, but do no damage.
The centaur is severely wounded.
The centaur hits you with an uncursed club.
You die...

##### ##...####
##.......#
##..?.....#
#.(.%.....#
*#..(.....#*
##.>.(...#,**
#....(..#**,####
##.#.@c## *#...#
#.#(##.###.##.#
#.#.###.#.#*#.# #
#.<..###.####.#######
#.......(............
#....##.#####.))..###
#........# #.###.# #
#.#.###..# #.# #.###
#.#.# #..# #.# #....


You could see a centaur.

Vanquished Creatures
  Edmund (D:5)
  A sky beast (D:5)
  A giant frog (D:4)
  A wyvern skeleton (D:4)
  A scorpion (D:5)
  3 hounds (D:5)
  An orc priest (D:3)
  A centaur skeleton (D:4)
  2 iguanas (D:4)
  4 orc wizards
  2 worker ants
  4 gnolls (D:5)
  7 adders
  An ooze (D:1)
  3 worms
  4 giant geckos
  15 orcs
  4 bats
  6 giant cockroaches
  4 goblins (D:1)
  4 hobgoblins
  8 jackals
  2 quokkas (D:3)
  4 giant gecko skeletons
  6 giant newts
  7 kobolds
  7 rats
104 creatures vanquished.

Notes
Turn   | Place    | Note
--------------------------------------------------------------
     0 | D:1      | Tharyn the Minotaur Monk began the quest for the Orb.
     0 | D:1      | Reached XP level 1. HP: 19/19 MP: 0/0
   185 | D:1      | Reached XP level 2. HP: 25/27 MP: 1/1
   412 | D:1      | Reached skill level 5 in Unarmed Combat
   593 | D:1      | Reached XP level 3. HP: 29/33 MP: 2/2
  1215 | D:2      | Gained mutation: Armour fits poorly on your strangely shaped body. [potion of mutation]
  1215 | D:2      | Gained mutation: You have sharp toenails. [potion of mutation]
  1215 | D:2      | Gained mutation: You have a pair of large horns on your head. [potion of mutation]
  1261 | D:2      | Reached skill level 1 in Throwing
  1686 | D:2      | Reached XP level 4. HP: 40/40 MP: 3/3
  1893 | D:2      | Gained mutation: Your spells are a little harder to cast, but a little more powerful. [potion of mutation]
  1893 | D:2      | Gained mutation: You are agile. (Dex +2) [potion of mutation]
  2369 | D:3      | Found a shattered altar of Ashenzari.
  2531 | D:3      | Reached XP level 5. HP: 46/46 MP: 4/4
  3177 | D:4      | Reached skill level 6 in Unarmed Combat
  3177 | D:4      | Reached XP level 6. HP: 48/52 MP: 5/5
  3399 | D:4      | Found a shadowy altar of Dithmenos.
  3705 | D:5      | Entered Level 5 of the Dungeon
  3726 | D:5      | Reached XP level 7. HP: 29/60 MP: 6/6
  3744 | D:5      | Reached skill level 5 in Throwing
  3955 | D:5      | Reached skill level 5 in Fighting
  3956 | D:5      | Noticed Edmund
  3973 | D:5      | Killed Edmund
  3973 | D:5      | Reached skill level 1 in Armour
  4123 | D:5      | Slain by a centaur

Skill      XL: |  1  2  3  4  5  6  7 |
---------------+----------------------+-----
Unarmed Combat | 5 6 |  6.7
Fighting       | 4 5 |  5.6
Throwing       | 1 2 3 4 5 |  5.7
Dodging        | 4 |  4.7
Armour         | 1 |  1.4
Stealth        | |  1.8

Action                   |  1- 3 |  4- 6 |  7- 9 || total
-------------------------+-------+-------+-------++-------
Melee: Unarmed           |    78 |   119 |    63 ||   260
       Headbutt          |    14 |    18 |    16 ||    48
       Kick              |     3 |    43 |    15 ||    61
       Punch             |     1 |     2 |     1 ||     4
Throw: Stone             |    58 |    96 |    57 ||   211
  Use: Scroll            |     6 |     6 |     4 ||    16
       Potion            |     5 |     7 |     2 ||    14
  Eat: Meat ration       |     1 |     1 |       ||     2
Armor: Robe              |    10 |       |       ||    10
       Ring mail         |     8 |    19 |    14 ||    41
       Chain mail        |       |    32 |       ||    32
Dodge: Dodged            |    54 |    66 |    40 ||   160
